 Dungeon Crawl Stone Soup version 0.25-a0-21-ga5a8db46c7 (webtiles) character file.

Game seed: 1548463230940910222, levelgen mode: deterministic

19223 Arixos the Fighter (level 12, 0/145 HPs)
             Began as a Demonspawn Fighter on Oct 16, 2019.
             Was a High Priest of Okawaru.
             Splashed by Nessos's acid (12 damage)
             ... on level 4 of the Lair of Beasts.
             The game lasted 01:06:46 (17521 turns).

Arixos the Fighter (Demonspawn Fighter)            Turns: 17521, Time: 01:06:46

Health: 0/145      AC: 22    Str: 21    XL:     12   Next: 34%
Magic:  12/12      EV:  2    Int: 10    God:    Okawaru [*****.]
Gold:   884        SH: 13    Dex: 13    Spells: 11/11 levels left

rFire    + . .     SeeInvis .   G - +0 war axe (flame)
rCold    . . .     Gourm    +   b - +1 shield
rNeg     + + +     Faith    .   (armour currently unavailable)
rPois    +         Spirit   .   (helmet currently unavailable)
rElec    .         Reflect  .   (cloak currently unavailable)
rCorr    .         Harm     .   (gloves currently unavailable)
MR       .....     NoTele   +   (boots currently unavailable)
Stlth    +.........             I - amulet of the gourmand
HPRegen  0.34/turn              A - ring of protection from fire
MPRegen  0.13/turn              y - ring of positive energy

@: tree-form, corroded
A: demonic guardian 1
a: Heroism, Finesse, Renounce Religion


You were on level 4 of the Lair of Beasts.
You worshipped Okawaru.
Okawaru was extremely pleased with you.
You were completely stuffed.
You were a tree.
You visited 3 branches of the dungeon, and saw 16 of its levels.

You collected 884 gold pieces.

Inventory:

Hand Weapons
 z - a +2 hand axe of freezing
 G - a +0 war axe of flaming (weapon)
Missiles
 h - 30 poisoned darts (quivered)
 v - 8 atropa-tipped darts
Armour
 b - a +1 shield (worn)
 c - a +2 robe of cold resistance
 n - a +0 plate armour (melded)
 s - a +0 cloak (melded)
 E - a +2 pair of gloves of archery (melded)
Jewellery
 o - an uncursed ring of flight
 y - a ring of positive energy (right branch)
 A - a ring of protection from fire (left branch)
 I - an amulet of the gourmand (around neck)
Wands
 t - a wand of scattershot (1)
 J - a wand of digging (3)
 N - a wand of flame (18)
Scrolls
 a - a scroll of enchant armour
 e - a scroll of fog {unknown}
 g - a scroll of fear
 i - 8 scrolls of identify
 j - 6 scrolls of amnesia {unknown}
 k - 9 scrolls of teleportation
 r - 4 scrolls of enchant weapon {unknown}
 u - 2 scrolls of magic mapping {unknown}
 B - 5 scrolls of remove curse
 F - a scroll of summoning {unknown}
Potions
 f - a potion of berserk rage {unknown}
 l - 5 potions of curing
 m - 3 potions of magic {unknown}
 p - a potion of ambrosia {unknown}
 q - 2 potions of degeneration
 w - 2 potions of haste {unknown}
 x - a potion of brilliance {unknown}
 C - 3 potions of lignification
 D - a potion of flight {unknown}
 H - a potion of cancellation {unknown}
Miscellaneous
 K - a lightning rod (4/4)
 M - a lamp of fire
Comestibles
 d - 27 rations
 L - 2 chunks of flesh


   Skills:
 + Level 10.0 Fighting
 + Level 7.5 Axes
 + Level 9.2 Armour
 + Level 8.7 Dodging
 + Level 9.2 Shields
 - Level 1.7 Unarmed Combat


You had 11 spell levels left.
You didn't know any spells.
Your spell library contained the following spells:

 Spells                   Type           Power        Failure   Level  Hunger
 Beastly Appendage        Tmut           #.....       61%         1    ##.....
 Flame Tongue             Conj/Fire      #....        61%         1    ##.....
 Magic Dart               Conj           #...         61%         1    ##.....
 Sting                    Conj/Pois      #...         61%         1    ##.....
 Blink                    Tloc           N/A          75%         2    ###....
 Call Imp                 Summ           #.......     75%         2    ###....
 Poisonous Vapours        Pois/Air       #.....       75%         2    ###....
 Slow                     Hex            #.......     75%         2    ###....
 Sticks to Snakes         Tmut           #.......     75%         2    ###....
 Throw Flame              Conj/Fire      #.....       75%         2    ###....
 Conjure Flame            Conj/Fire      #.......     93%         3    ####...
 Inner Flame              Hex/Fire       #.......     93%         3    ####...
 Mephitic Cloud           Conj/Pois/Air  #.......     93%         3    ####...
 Spider Form              Tmut/Pois      #.........   93%         3    ####...
 Ice Form                 Ice/Tmut       #.......     100%        4    #####..
 Olgreb's Toxic Radiance  Pois           #.......     100%        4    #####..
 Sticky Flame             Conj/Fire      #.......     100%        4    #####..
 Blade Hands              Tmut           #.........   100%        5    ######.
 Fireball                 Conj/Fire      #.........   100%        5    ######.
 Venom Bolt               Conj/Pois      #.........   100%        5    ######.


Dungeon Overview and Level Annotations

Branches:
Dungeon (11/15)            Temple (1/1) D:4            Lair (4/6) D:11
 Spider (0/4) Lair:2          Orc (0/2) D:11
  Swamp: Lair:2-4    Shoals: Lair:2-4

Altars:
Ashenzari
Cheibriados
Dithmenos
Elyvilon
Fedhas
Gozag
Hepliaklqana
Kikubaaqudgha
Makhleb
Nemelex Xobeh
Okawaru
Qazlal
Ru
Sif Muna
Trog
Uskayaw
Vehumet
Wu Jian
Xom
Yredelemnul
Zin
The Shining One

Shops:
D:6 [*   D:7 *   D:8 *

Annotations:
D:7 2 transporters, stillor's ghost, novice DrTm
D:11 3 runed translucent doors
Lair:4 Nessos


Innate Abilities, Weirdness & Mutations

((You have a pair of horns on your head.))
((You are mostly covered in iridescent scales. (AC +4)))
((Your flesh is cold resistant. (rC+)))
A weak demonic guardian rushes to your aid.


Message History

You see here an arrow.
Okay, then.
Okay, then.
You feel better.
Nessos shoots an arrow.
The arrow hits you!
* * * LOW HITPOINT WARNING * * *
The arrow burns you.
* * * LOW HITPOINT WARNING * * *
Your ufetubus hits Nessos.
Your ufetubus hits Nessos but does no damage.
It was a potion of lignification.
You turn into a tree.
Your +0 cloak melds into your body.
Your +2 pair of gloves of archery melds into your body.
Your +0 plate armour melds into your body.
Your aim is not that steady anymore.
Your roots penetrate the ground.
Nessos shoots an arrow.
The arrow hits you but does no damage.
Your ufetubus closely misses Nessos. x2; Nessos zaps a wand.
The bolt of acid hits you!
* * * LOW HITPOINT WARNING * * *
The acid corrodes you!
You are splashed with acid!
You die...

..P# #§.# ...# ..# ##(##
..# #..# ..# ..#. ##5.#
..# ....# #.c## ..#
#...# ##.## ..## #..#
##(.# ...###..## #...#
..P##P...## #.♣##
........#.######.####..
.......................#
.####P...#.##..####..##.
## #####.###### .# ### #


You could see Nessos and a friendly ufetubus.

Vanquished Creatures
  3 hydras
  3 death yaks
  A cyclops (D:11)
  A manticore (D:11)
  An elephant (D:11)
  3 spiny frogs
  A kobold demonologist (D:11)
  4 komodo dragons
  A troll (D:10)
  A polar bear (Lair:2)
  A hornet (D:8)
  4 blink frogs (Lair:3)
  A spriggan (Lair:4)
  4 hippogriffs
  2 wyverns
  12 yaks
  A steam dragon (D:10)
  A basilisk (D:11)
  A soldier ant (shapeshifter) (D:11)
  Duvessa (D:7)
  A water moccasin (Lair:4)
  6 porcupines
  An ice beast (D:8)
  2 orc warriors
  3 sky beasts
  A black bear (D:8)
  A necrophage (D:11)
  6 wolves
  2 ogres
  A phantom (D:4)
  12 crocodiles
  A centaur (Lair:4)
  A big kobold (D:9)
  16 bullfrogs
  2 scorpions
  Dowan (D:7)
  A wyvern skeleton (D:8)
  A water moccasin skeleton (D:5)
  9 killer bees (D:9)
  8 wights
  A howler monkey (D:7)
  A vampire bat (D:4)
  2 crimson imps
  A centaur zombie (D:10)
  2 quasits
  4 hounds
  4 jellies
  3 orc priests
  3 bullfrog skeletons
  A bullfrog zombie (D:8)
  A centaur skeleton (D:6)
  An iguana (D:5)
  Ijyb (D:3)
  6 orc wizards
  4 worker ants
  A killer bee zombie (D:7)
  A hound skeleton (D:5)
  3 howler monkey zombies
  2 worker ant zombies
  10 adders
  2 shadow imps
  2 oozes
  2 adder skeletons
  2 worms
  A dart slug (D:1)
  7 leopard geckos
  39 orcs
  A bat skeleton (D:4)
  4 bat zombies (D:4)
  6 giant cockroaches
  4 goblins
  8 hobgoblins
  28 jackals
  A quokka (D:5)
  3 ball pythons
  5 bats
  3 frilled lizards
  A giant cockroach zombie (D:6)
  A jackal skeleton (D:7)
  12 kobolds
  9 rats
  A fungus (Lair:2)
317 creatures vanquished.

Vanquished Creatures (collateral kills)
  Urug (D:11)
  An ugly thing (D:11)
  A gargoyle (D:9)
  A spiny frog (Lair:2)
  2 yaks (Lair:1)
  2 basilisks
  A porcupine (Lair:4)
  2 ice beasts
  2 wights
  2 vampire bats (D:4)
  An iguana (D:9)
  A worker ant zombie (D:5)
  An adder skeleton (D:5)
  5 orcs
  A giant cockroach (D:5)
  A kobold (D:11)
25 creatures vanquished.

Vanquished Creatures (others)
  An orc (D:3)
  A fungus (Lair:2)
  2 plants (Lair:2)
4 creatures vanquished.

Grand Total: 346 creatures vanquished

Notes
Turn   | Place    | Note
-------+----------+-------------------------------------------
     0 | D:1      | Arixos the Demonspawn Fighter began the quest for the Orb.
     0 | D:1      | Reached XP level 1. HP: 18/18 MP: 1/1
   168 | D:1      | Gained mutation: You have a pair of small horns on your
                  | head. [demonic ancestry]
   168 | D:1      | Reached XP level 2. HP: 18/24 MP: 2/2
   567 | D:1      | Reached skill level 1 in Dodging
   640 | D:1      | Reached XP level 3. HP: 26/29 MP: 3/3
  1713 | D:2      | Found a blossoming altar of Fedhas.
  1713 | D:2      | Found a faded altar of an unknown god.
  1718 | D:2      | Found an opulent altar of Gozag.
  1720 | D:2      | Found a faded altar of an unknown god.
  1728 | D:2      | Found a hide-covered altar of Uskayaw.
  1784 | D:3      | Reached XP level 4. HP: 35/35 MP: 4/4
  1902 | D:3      | Found a burning altar of Makhleb.
  2240 | D:3      | Noticed Ijyb
  2312 | D:3      | Killed Ijyb
  2681 | D:3      | Found a shadowy altar of Dithmenos.
  2681 | D:3      | Found a shimmering altar of Xom.
  3190 | D:4      | Found a staircase to the Ecumenical Temple.
  3215 | D:4      | Reached XP level 5. HP: 31/42 MP: 5/5
  3386 | Temple   | Entered the Ecumenical Temple
  3447 | Temple   | Became a worshipper of Warmaster Okawaru
  3653 | D:4      | Noticed a phantom
  3721 | D:4      | Killed a phantom
  3721 | D:4      | Reached skill level 4 in Fighting
  3991 | D:4      | Gained mutation: A weak demonic guardian rushes to your
                  | aid. [demonic ancestry]
  3991 | D:4      | Reached XP level 6. HP: 48/48 MP: 6/6
  4279 | D:4      | Found an ancient bone altar of Kikubaaqudgha.
  4447 | D:5      | Entered Level 5 of the Dungeon
  4498 | D:5      | Reached * piety under Okawaru
  4676 | D:5      | Found an opulent altar of Gozag.
  4801 | D:5      | Reached XP level 7. HP: 54/55 MP: 7/7
  5327 | D:5      | Reached skill level 5 in Fighting
  5788 | D:6      | Reached ** piety under Okawaru
  5817 | D:6      | Found Zin's Purification Station.
  5819 | D:6      | Found a glowing silver altar of Zin.
  5878 | D:6      | Reached skill level 5 in Shields
  5950 | D:6      | Gained mutation: You have a pair of horns on your head.
                  | [demonic ancestry]
  5950 | D:6      | Reached XP level 8. HP: 48/63 MP: 8/8
  6039 | D:6      | Reached skill level 5 in Armour
  6259 | D:6      | Found Zeamipn's Antique Armour Boutique.
  6300 | D:6      | Found an opulent altar of Gozag.
  6437 | D:7      | Reached skill level 1 in Axes
  6464 | D:7      | Found Moabb's Assorted Antiques.
  6507 | D:7      | Noticed stillor's ghost (novice DrTm)
  6516 | D:7      | Found a transporter.
  6530 | D:7      | Found a transporter.
  6530 | D:7      | Noticed Dowan
  6556 | D:7      | Killed Dowan
  6652 | D:7      | Reached skill level 6 in Fighting
  6718 | D:7      | Noticed Duvessa
  6734 | D:7      | Killed Duvessa
  6734 | D:7      | Reached *** piety under Okawaru
  7120 | D:8      | Found a basalt altar of Yredelemnul.
  7219 | D:8      | Found Xahycob's Assorted Antiques.
  7233 | D:8      | Found a snail-covered altar of Cheibriados.
  7275 | D:8      | Reached skill level 5 in Dodging
  7293 | D:8      | Gained mutation: You are partially covered in iridescent
                  | scales. (AC +2) [demonic ancestry]
  7293 | D:8      | Reached XP level 9. HP: 31/71 MP: 9/9
  7760 | D:8      | Found a shattered altar of Ashenzari.
  7767 | D:8      | Found a hazy altar of Hepliaklqana.
  7785 | D:8      | Paralysed by a hornet for 1 turns
  7788 | D:8      | Paralysed by a hornet for 3 turns
  7794 | D:8      | Reached **** piety under Okawaru
  8180 | D:8      | Found a white marble altar of Elyvilon.
  8245 | D:9      | Noticed a gargoyle
  8258 | D:9      | Killed a gargoyle
  8346 | D:9      | Reached skill level 7 in Fighting
  8456 | D:9      | Reached ***** piety under Okawaru
  9646 | D:10     | Entered Level 10 of the Dungeon
  9684 | D:10     | Gained mutation: Your flesh is cold resistant. (rC+)
                  | [demonic ancestry]
  9684 | D:10     | Reached XP level 10. HP: 76/79 MP: 10/10
 10922 | D:11     | Found a staircase to the Orcish Mines.
 10959 | D:11     | Noticed a cyclops
 11243 | D:11     | Noticed a manticore
 11257 | D:11     | Killed a manticore
 11257 | D:11     | Received a gift from Okawaru
 11257 | D:11     | Reached skill level 8 in Fighting
 11257 | D:11     | Reached skill level 5 in Axes
 11519 | D:11     | Noticed a cyan ugly thing
 11532 | D:11     | Killed a cyan ugly thing
 11622 | D:11     | Noticed Urug
 11649 | D:11     | Killed Urug
 11913 | D:11     | Killed a cyclops
 12257 | D:11     | Gained mutation: You are mostly covered in iridescent
                  | scales. (AC +4) [demonic ancestry]
 12257 | D:11     | Reached XP level 11. HP: 87/87 MP: 11/11
 12263 | D:11     | Found a staircase to the Lair.
 12309 | D:10     | Received a gift from Okawaru
 12652 | D:11     | Noticed a soul eater
 12853 | D:11     | Found a runed translucent gate.
 12854 | D:11     | Found a runed translucent gate.
 12854 | D:11     | Found a runed translucent gate.
 12855 | D:11     | Noticed a purple ugly thing
 12855 | D:11     | Noticed a green ugly thing
 12856 | D:11     | Noticed a purple very ugly thing
 12856 | D:11     | Noticed a purple ugly thing
 12856 | D:11     | Noticed a purple ugly thing
 12902 | Lair:1   | Entered Level 1 of the Lair of Beasts
 13455 | Lair:2   | Reached skill level 9 in Fighting
 13468 | Lair:2   | Noticed a four-headed hydra
 13478 | Lair:2   | Killed a one-headed hydra
 13671 | Lair:2   | Found a hole to the Spider Nest.
 14173 | Lair:2   | Noticed a six-headed hydra
 14181 | Lair:2   | Killed a two-headed hydra
 15693 | Lair:3   | Noticed a death yak
 15693 | Lair:3   | Noticed a death yak
 15693 | Lair:3   | Noticed a death yak
 15698 | Lair:2   | Received a gift from Okawaru
 15713 | Lair:2   | Killed a death yak
 15713 | Lair:2   | Killed a death yak
 16070 | Lair:3   | Reached XP level 12. HP: 95/97 MP: 12/12
 16169 | Lair:3   | Killed a death yak
 16819 | Lair:4   | Noticed an eight-headed hydra
 17120 | Lair:4   | Noticed a four-headed hydra
 17127 | Lair:4   | Killed a two-headed hydra
 17127 | Lair:4   | Reached skill level 10 in Fighting
 17357 | Lair:4   | Noticed a five-headed hydra
 17428 | Lair:4   | Noticed Nessos
 17521 | Lair:4   | Splashed by Nessos's acid

Levels and vault maps discovered:
D:1:      dpeg_arrival_more_subterranean_lakeside_camping, layout_basic
D:2:      cheibrodos_old_hovel, layout_basic,
          chequers_temple_overflow_minitemple, minmay_pentomino_w4
D:3:      layout_basic, gammafunk_temple_overflow_elements, bloody_makhleb,
          uniq_ijyb
D:4:      layout_rooms, kennysheep_vampire_church, minmay_temple_entry_waves,
          serial_forest, infiniplex_forest_lined_4_way,
          infiniplex_forest_corner_1, infiniplex_forest_clump_long,
          infiniplex_forest_end_3, infiniplex_forest_clump_medium,
          infiniplex_forest_clump_double, first_ration,
          corexii_leaking_fountain, minmay_misc_feat_more_columns
D:5:      layout_cave_pods, serial_glass, glass_columns_b, glass_columns_a,
          glass_columns_a, glass_columns_a, glass_columns_b, glass_columns_a,
          glass_columns_b, glass_columns_c, glass_columns_b, glass_columns_a,
          basic_altar
D:6:      layout_basic, zin_purify, serial_shops, shop, basic_altar
D:7:      layout_cave_pools, serial_shops, shop, gammafunk_ghost_stat_death,
          grunt_ogre_cave, uniq_duvessa
D:8:      layout_basic, kennysheep_ying_yang, nicolae_overflow_hidden_temple,
          kennysheep_little_box, old_standard_altar, serial_shops,
          nicolae_shop_stone
D:9:      layout_layer_cave
D:10:     layout_basic, abandoned_shop
D:11:     layout_long_grid, david_lair_generic, orc_0_dummy,
          ploomutoo_gammafunk_ghost_potion_laboratory, uniq_urug
Temple:   jpeg_temple_alley_garden
Lair:1:   layout_misc_corridors
Lair:2:   layout_cave_pods, spider_nest_entry_web_field
Lair:3:   layout_gridlike
Lair:4:   layout_long_grid, minmay_shoals_entry_centaurs,
          grunt_forest_stairs_clearing, uniq_nessos

Skill      XL: |  1  2  3  4  5  6  7  8  9 10 11 12 |
---------------+-------------------------------------+-----
Armour         | 3 4 5 6 7 8 9 |  9.2
Dodging        | 1 2 3 4 5 6 7 8 |  8.7
Shields        | 3 4 5 6 7 8 9 |  9.2
Fighting       | 4 5 6 7 8 9 10 | 10.0
Axes           | 2 4 5 7 |  7.5
Unarmed Combat | |  1.7

Action                   |  1- 3 |  4- 6 |  7- 9 | 10-12 || total
-------------------------+-------+-------+-------+-------++-------
Melee: Hand axe          |   150 |   328 |   559 |   123 ||  1160
       Headbutt          |    18 |    65 |   126 |   143 ||   352
       War axe           |       |       |       |   443 ||   443
Invok: Heroism           |       |       |       |     6 ||     6
  Use: Scroll            |       |     6 |     2 |     7 ||    15
       Potion            |       |       |     4 |     6 ||    10
 Stab: Distracted        |       |       |     5 |     2 ||     7
  Eat: Chunk             |     3 |     7 |    13 |    41 ||    64
       Ration            |       |     1 |     1 |       ||     2
Armor: Scale mail        |    17 |       |       |       ||    17
       Plate armour      |    73 |   188 |   283 |   320 ||   864
       Skin              |       |       |       |     1 ||     1
Dodge: Dodged            |    25 |   102 |   137 |   174 ||   438
Block: Shield            |    73 |   186 |   314 |   436 ||  1009

Table legend:
 A = Non-vault XP
 B = Vault XP
 C = Vault XP percentage of total XP
 D = Non-vault monster count
 E = Vault monster count
 F = Vault count percentage of total count
                 A         B        C        D         E       F
            +---------+---------+-------+---------+---------+-------
      Total |   24882 |    2580 |   9.4 |     314 |      28 |   8.2
            +---------+---------+-------+---------+---------+-------
        D:1 |      47 |       0 |   0.0 |      25 |       0 |   0.0
        D:2 |      35 |      13 |  27.1 |      13 |       7 |  35.0
        D:3 |      50 |      36 |  41.9 |      22 |       1 |   4.3
        D:4 |     231 |     121 |  34.4 |      13 |       8 |  38.1
        D:5 |     568 |       0 |   0.0 |      25 |       0 |   0.0
        D:6 |     494 |       0 |   0.0 |      19 |       0 |   0.0
        D:7 |     579 |     315 |  35.2 |      22 |       3 |  12.0
        D:8 |    1116 |       0 |   0.0 |      21 |       0 |   0.0
        D:9 |    2568 |       0 |   0.0 |      45 |       0 |   0.0
       D:10 |    1780 |     185 |   9.4 |      22 |       1 |   4.3
       D:11 |    3035 |    1268 |  29.5 |      28 |       3 |   9.7
     Lair:1 |    1951 |       0 |   0.0 |      11 |       0 |   0.0
     Lair:2 |    5876 |       0 |   0.0 |      17 |       0 |   0.0
     Lair:3 |    5410 |     216 |   3.8 |      26 |       2 |   7.1
     Lair:4 |    1142 |     426 |  27.2 |       5 |       3 |  37.5
            +---------+---------+-------+---------+---------+-------
